AoeStats
← HAKUNA MATATA

Arena

503849146Analyzed
4v4 RM · 1mo ago on Sep 2, 2026· 40m 12s· 8 players
Game mode
Random Map
Map size
Large (8 player)
Population
200
Speed
Normal
Resources
Standard
Victory
Conquest
Starting age
Dark Age
Ending age
Imperial Age
RankedLock teamsTeams togetherTeam positionsShared explorationLock speedFull tech treeHidden civsTurbo modeCheats
Victory
Defeat
🇭🇰 Bohemians · Hong Kong SAR China
1504
+6
🇯🇵 Poles · Japan
1256
+16
🇹🇷 Malay · Türkiye
1209
+18
🇭🇰 Khmer · Hong Kong SAR China
1000
+105
🇫🇷 Teutons · France
1286
-18
🇺🇸 Mongols · United States
1285
-18
🇹🇼 Dravidians · Taiwan
1253
-17
🇹🇼 Sicilians · Taiwan
1225
-15
ohawan12312
10:51 Feudal Age
12:14 Loom
14:57 Castle Age
13:12 Horse Collar
13:57 Double-Bit Axe
15:56 Wheelbarrow
15:57 Bow Saw
23:30 Hand Cart
25:10 Heavy Plow
25:11 Gold Mining
26:12 Szlachta Privileges
26:31 Scale Barding Armor
29:35 Imperial Age
27:08 Husbandry
27:23 Forging
27:45 Bloodlines
27:59 Chain Barding Armor
29:20 Iron Casting
29:44 Cavalier
30:46 Conscription
31:31 Blast Furnace
29:57 Capped Ram
30:54 Siege Ram
33:31 Town Watch
33:17 Elite Obuch
33:22 Light Cavalry
34:54 Lechitic Legacy
35:09 Scale Mail Armor
34:36 Winged Hussar
37:17 Chain Mail Armor
37:43 Squires
39:08 Plate Mail Armor
HAKUNA MATATA
12:08 Feudal Age
16:05 Castle Age
14:36 Double-Bit Axe
14:33 Horse Collar
16:56 Bow Saw
20:14 Loom
28:52 Imperial Age
27:19 Wheelbarrow
28:31 Hand Cart
28:02 Town Watch
28:41 Ballistics
29:22 Chemistry
28:26 Padded Archer Armor
28:53 Elite Skirmisher
29:33 Fletching
29:59 Leather Archer Armor
31:00 Conscription
31:40 Bodkin Arrow
32:15 Ring Archer Armor
33:41 Ring Archer Armor
34:10 Bracer
37:57 Forging
38:30 Gold Mining
38:31 Stone Mining
38:58 Crossbowman
39:43 Thumb Ring
39:07 Crossbowman
40:57 Iron Casting
seongju
11:21 Feudal Age
14:07 Castle Age
13:42 Double-Bit Axe
13:38 Horse Collar
15:01 Bow Saw
16:54 Loom
21:12 Stone Mining
22:00 Wheelbarrow
22:43 Gold Mining
24:34 Bloodlines
27:54 Imperial Age
25:50 Husbandry
25:57 Scale Barding Armor
26:50 Hand Cart
26:09 Light Cavalry
27:10 Chain Barding Armor
28:49 Forging
29:55 Heavy Plow
31:28 Iron Casting
30:35 Capped Ram
31:48 Conscription
32:06 Plate Barding Armor
30:53 Hussar
32:41 Fletching
32:18 Siege Ram
34:32 Chemistry
34:34 Ballistics
34:11 Bodkin Arrow
33:39 Elite Skirmisher
35:23 Bracer
35:48 Padded Archer Armor
37:54 Leather Archer Armor
39:14 Blast Furnace
39:19 Ring Archer Armor
40:35 Siege Engineers
LagiPup
11:28 Feudal Age
11:18 Loom
18:58 Castle Age
17:36 Fletching
18:20 Double-Bit Axe
31:25 Wheelbarrow
31:21 Bow Saw
30:57 Horse Collar
35:17 Hand Cart
35:18 Wagenburg Tactics
36:27 Town Watch
39:46 Imperial Age
38:34 Ballistics
40:02 Chemistry
39:55 Elite Hussite Wagon
andulas97
9:28 Feudal Age
14:13 Castle Age
13:11 Double-Bit Axe
13:51 Fletching
16:18 Bow Saw
16:09 Loom
25:06 Bodkin Arrow
26:50 Bloodlines
26:41 Husbandry
27:12 Padded Archer Armor
32:41 Imperial Age
32:11 Leather Archer Armor
31:59 Gold Mining
32:49 Wheelbarrow
32:47 Ballistics
32:57 Thumb Ring
33:45 Conscription
34:18 Bracer
35:53 Chemistry
35:20 Cavalier
36:24 Murder Holes
37:25 Scale Barding Armor
36:44 Light Cavalry
40:42 Chain Barding Armor
40:34 Forging
Nonol
7:17 Loom
9:55 Feudal Age
13:29 Wheelbarrow
12:57 Fletching
13:26 Horse Collar
19:12 Town Watch
19:57 Man-at-Arms
25:24 Castle Age
24:01 Double-Bit Axe
26:54 Bodkin Arrow
LocalMomsHelper
10:21 Feudal Age
14:15 Castle Age
12:22 Double-Bit Axe
12:31 Horse Collar
14:52 Wheelbarrow
15:18 Bow Saw
22:54 Heavy Plow
27:49 Imperial Age
26:22 Fletching
26:36 Padded Archer Armor
26:59 Ballistics
26:50 Masonry
26:41 Gold Mining
26:58 Bodkin Arrow
27:11 Thumb Ring
27:16 Town Watch
27:18 Loom
27:50 Hand Cart
29:02 Bracer
29:17 Leather Archer Armor
29:31 Elite Elephant Archer
31:39 Chemistry
30:30 Guard Tower
31:20 Arrowslits
35:44 Ring Archer Armor
36:09 Keep
35:30 Murder Holes
37:56 Fortified Wall
38:54 Husbandry
38:15 Light Cavalry
simonchen0125
10:39 Feudal Age
14:35 Castle Age
12:43 Double-Bit Axe
12:40 Horse Collar
15:47 Bow Saw
18:44 Loom
21:25 Wheelbarrow
23:30 Gold Mining
25:00 Heavy Plow
26:12 Hand Cart
29:10 Imperial Age
26:37 Town Watch
27:04 Scale Mail Armor
28:05 Chain Mail Armor
28:01 Forging
28:20 Pikeman
29:00 Squires
28:45 Arson
29:03 Stone Mining
29:49 Gold Shaft Mining
30:21 Iron Casting
29:18 Halberdier
30:06 Onager
33:18 Siege Onager
36:24 Blast Furnace
37:18 Plate Mail Armor
Connection lost

Rejoining the realm…

Still unreachable

The connection could not be restored.

Session expired

The server has moved on; the page needs a fresh start.